 Dungeon Crawl Stone Soup version 0.23.2-30-g0e89c35649 (webtiles) character file.

Game seed: 14913465284481349252

8961 dvd the Archer (level 11, -1/91 HPs)
             Began as a Centaur Arcane Marksman on June 20, 2019.
             Was an Elder of Okawaru.
             Slain by a gargoyle
             ... wielding a +0 mace
              (12 damage)
             ... on level 10 of the Dungeon.
             The game lasted 00:55:04 (15828 turns).

dvd the Archer (Centaur Arcane Marksman)           Turns: 15828, Time: 00:55:04

Health: -1/91      AC:  9    Str: 10 (12) XL:     11   Next: 16%
Magic:  8/17       EV: 19    Int: 11 (13) God:    Okawaru [****..]
Gold:   532        SH:  0    Dex: 13      Spells: 6/18 levels left

rFire    . . .     SeeInvis .   b - +2 war axe (elec)
rCold    + . .     Gourm    .   (no shield)
rNeg     . . .     Faith    .   A - +2 robe {MR+}
rPois    .         Spirit   .   (no helmet)
rElec    .         Reflect  .   L - +2 cloak
rCorr    .         Harm     .   (no gloves)
MR       +....                  (no barding)
Stlth    +++.......             (no amulet)
HPRegen  0.25/turn              E - +5 ring of evasion
MPRegen  0.15/turn              u - ring of protection from cold

@: about to teleport, heroism, very quick
A: large, hooves 3, deformed body, speed 2, tough skin 3
a: Heroism, Renounce Religion


You were on level 10 of the Dungeon.
You worshipped Okawaru.
Okawaru was greatly pleased with you.
You were not hungry.

You visited 2 branches of the dungeon, and saw 11 of its levels.
You also visited: Sewer.

You collected 532 gold pieces.

Inventory:

Hand Weapons
 a - a +0 shortbow of velocity
 b - a +2 war axe of electrocution (weapon)
 o - a cursed +4 battleaxe
 F - a +2 hand axe of flaming
 G - a +2 flail of protection
Missiles
 d - 291 arrows
Armour
 q - a +2 robe of cold resistance
 v - a +0 ring mail of fire resistance
 w - a +0 leather armour
 A - a +2 robe of magic resistance (worn)
 L - a +2 cloak (worn)
Jewellery
 h - an uncursed ring of see invisible
 m - an uncursed ring of stealth
 n - an uncursed ring of protection from magic
 u - a ring of protection from cold (right hand)
 x - an uncursed ring of magical power
 z - an uncursed ring of flight
 E - a +5 ring of evasion (left hand)
 K - an uncursed ring of attention
Wands
 j - a wand of paralysis (1)
 r - a wand of acid (17)
 C - a wand of enslavement (7)
 D - a wand of iceblast (6)
 I - a wand of flame (15)
 J - a wand of digging (5)
Scrolls
 i - 7 scrolls of identify
 k - 2 scrolls of remove curse
 l - 5 scrolls of amnesia
 y - a scroll of blinking
 B - 2 scrolls of teleportation
Potions
 c - 3 potions of curing
 g - 3 potions of flight
Comestibles
 f - 17 rations
 p - 5 chunks of flesh


   Skills:
 + Level 6.4(11.4) Fighting
 + Level 6.0(11.0) Axes
 + Level 0.2(8.6) Maces & Flails
 + Level 13.0(18.0) Bows
 + Level 3.4(8.4) Dodging
 + Level 1.3(6.3) Stealth
 + Level 4.3 Spellcasting
 + Level 6.0 Hexes
 * Level 0.6 Charms
 * Level 1.4 Necromancy
 + Level 3.7 Translocations
 + Level 1.1 Invocations
 + Level 0.3 Evocations


You had 6 spell levels left.
You knew the following spells:

 Your Spells              Type           Power        Failure   Level  Hunger
a - Slow                  Hex            ###.....     3%          2    ##.....
b - Portal Projectile     Hex/Tloc       ##....       10%         3    ###....
c - Cause Fear            Hex            ###.......   19%         4    #####..
d - Regeneration          Chrm/Necr      #.........   41%         3    ###....

Your spell library contained the following spells:

 Spells                   Type           Power        Failure   Level  Hunger
 Corona                   Hex            ###....      1%          1    #......
 Animate Skeleton         Necr           N/A          13%         1    #......
 Pain                     Necr           #...         13%         1    #......
 Inner Flame              Hex/Fire       #.......     21%         3    ###....
 Beastly Appendage        Tmut           #.....       22%         1    #......
 Sticks to Snakes         Tmut           #.......     34%         2    ##.....
 Vampiric Draining        Necr           #.........   36%         3    ###....
 Leda's Liquefaction      Hex/Erth       #.........   54%         4    #####..
 Spider Form              Tmut/Pois      #.........   56%         3    ###....
 Animate Dead             Necr           N/A          77%         4    #####..
 Ice Form                 Ice/Tmut       #.......     92%         4    #####..
 Blade Hands              Tmut           #.........   99%         5    ######.


Dungeon Overview and Level Annotations

Branches:
Dungeon (10/15)            Temple (1/1) D:4            Lair (0/6) D:8
    Orc: D:9-12

Altars:
Ashenzari
Cheibriados
Dithmenos
Elyvilon
Fedhas
Gozag
Hepliaklqana
Kikubaaqudgha
Makhleb
Nemelex Xobeh
Okawaru
Qazlal
Ru
Sif Muna
Trog
Uskayaw
Vehumet
Wu Jian
Xom
Yredelemnul
Zin
The Shining One

Shops:
D:6 :


Innate Abilities, Weirdness & Mutations

You have hooves in place of feet.
Armour fits poorly on your strangely shaped body.
You cover ground very quickly.
You have extremely tough skin. (AC +3)


Message History

You hit the gargoyle but do no damage.
The gargoyle is lightly damaged.
The gargoyle misses you.
You hit the gargoyle but do no damage.
The gargoyle is lightly damaged.
You barely miss the gargoyle. Your kick misses the gargoyle.
The gargoyle is lightly damaged.
The gargoyle hurls a stone arrow at you.
The stone arrow hits you!!
* * * LOW HITPOINT WARNING * * *
Unknown command.
You feel better. The gargoyle hits you with a +0 mace!
* * * LOW HITPOINT WARNING * * *
You feel better.
The gargoyle hurls a stone arrow at you.
The stone arrow misses you.
Unknown command.
As you read the scroll of teleportation, it crumbles to dust.
You feel strangely unstable. The gargoyle hits you with a +0 mace!
You die...

... ## ... #( #.#
..#( #.# #.##(## #.#
..#..(# #.#
#.###(9## #.#
..#.#..@#
####.####.##...#.##
..>.......#.......#
.........##.##....##
########.#..##..#..#
#.#.#....#..#
#..##########
########.##
###############
..........
.......).......


You could see a gargoyle.

Vanquished Creatures
  A hydra (D:8)
  A two-headed ogre (D:9)
  A troll (D:9)
  2 dream sheep (D:8)
  2 hippogriffs
  Sigmund (D:4)
  A wraith (D:7)
  3 yaks
  2 hungry ghosts
  4 ice beasts
  4 sky beasts
  3 orc warriors
  4 phantoms
  A necrophage (D:6)
  6 centaurs
  3 ogres
  4 big kobolds
  A crocodile (D:10)
  5 bullfrogs
  An elf skeleton (D:7)
  A scorpion (D:7)
  A wyvern skeleton (D:6)
  A troll zombie (D:7)
  6 wights
  7 killer bees
  2 bullfrog zombies
  5 crimson imps
  3 hounds
  5 human zombies (D:7)
  4 jellies
  2 centaur skeletons
  9 orc priests
  A bullfrog skeleton (D:5)
  14 orc wizards
  Jessica (D:7)
  An iguana (D:9)
  9 worker ants
  2 mummies (D:7)
  2 worker ant zombies
  6 gnolls
  12 adders
  6 shadow imps
  10 oozes (Sewer)
  An adder zombie (D:9)
  An adder skeleton (D:6)
  3 worms
  A dart slug (D:4)
  21 leopard geckos
  41 orcs
  11 ball pythons
  14 giant cockroaches
  5 goblins
  11 hobgoblins
  4 jackals (D:1)
  2 quokkas
  4 bats
  14 frilled lizards
  A jackal zombie (D:7)
  14 kobolds
  An orc zombie (D:7)
  A quokka skeleton (D:4)
  5 rats
315 creatures vanquished.

Vanquished Creatures (others)
  A killer bee (D:7)
  11 fungi (D:4)
12 creatures vanquished.

Grand Total: 327 creatures vanquished

Notes
Turn   | Place    | Note
-------+----------+-------------------------------------------
     0 | D:1      | dvd the Centaur Arcane Marksman began the quest for the
                  | Orb.
     0 | D:1      | Reached XP level 1. HP: 16/16 MP: 2/2
    90 | D:1      | Reached skill level 3 in Bows
   148 | D:1      | Reached XP level 2. HP: 23/23 MP: 3/3
   826 | D:2      | Reached skill level 4 in Bows
   826 | D:2      | Reached XP level 3. HP: 21/28 MP: 4/4
   882 | D:2      | Found a glowing silver altar of Zin.
  1380 | D:2      | Learned a level 3 spell: Portal Projectile
  1812 | D:3      | Reached skill level 5 in Bows
  1812 | D:3      | Reached XP level 4. HP: 18/35 MP: 5/5
  2056 | D:3      | Reached XP level 5. HP: 6/41 MP: 6/6
  2376 | D:3      | Found an opulent altar of Gozag.
  3075 | D:4      | Noticed a phantom
  3138 | D:4      | Killed a phantom
  3138 | D:4      | Reached skill level 6 in Bows
  3138 | D:4      | Reached XP level 6. HP: 40/48 MP: 6/8
  3327 | D:4      | Noticed Sigmund
  3695 | D:4      | Killed Sigmund
  3695 | D:4      | Reached skill level 1 in Translocations
  3955 | D:4      | Found a staircase to the Ecumenical Temple.
  3964 | Temple   | Entered the Ecumenical Temple
  4016 | Temple   | Became a worshipper of Warmaster Okawaru
  4263 | D:4      | Reached skill level 7 in Bows
  4283 | D:4      | Reached XP level 7. HP: 31/56 MP: 9/9
  4993 | D:4      | Learned a level 2 spell: Slow
  5157 | D:4      | Reached skill level 8 in Bows
  5157 | D:4      | Reached skill level 1 in Stealth
  5622 | D:5      | Entered Level 5 of the Dungeon
  5869 | D:5      | Reached * piety under Okawaru
  5907 | D:5      | Found a glowing drain.
  5929 | Sewer    | Entered a sewer
  6486 | Sewer    | Reached XP level 8. HP: 63/63 MP: 11/11
  7187 | D:5      | Reached skill level 1 in Axes
  7276 | D:5      | Found a sparkling altar of Nemelex Xobeh.
  7284 | D:5      | Found a shattered altar of Ashenzari.
  7292 | D:5      | Found a glowing golden altar of the Shining One.
  8014 | D:6      | Reached skill level 9 in Bows
  8179 | D:6      | Reached ** piety under Okawaru
  8261 | D:6      | Reached skill level 5 in Hexes
  8379 | D:6      | Found a radiant altar of Vehumet.
  8535 | D:6      | Found Nyuvig's Book Shop.
  8543 | D:6      | Learned a level 4 spell: Cause Fear
  8579 | D:6      | Reached XP level 9. HP: 71/71 MP: 6/14
  8708 | D:6      | Reached skill level 10 in Bows
 10038 | D:7      | Reached *** piety under Okawaru
 10396 | D:7      | Reached skill level 11 in Bows
 10868 | D:7      | Found a hazy altar of Hepliaklqana.
 11331 | D:7      | Found a basalt altar of Yredelemnul.
 11721 | D:7      | Noticed Jessica
 11729 | D:7      | Killed Jessica
 11729 | D:7      | Reached skill level 5 in Fighting
 11729 | D:7      | Reached XP level 10. HP: 81/81 MP: 15/15
 11746 | D:7      | Found a deep blue altar of Sif Muna.
 12010 | D:8      | Reached **** piety under Okawaru
 12591 | D:8      | Reached skill level 12 in Bows
 12595 | D:8      | Received a gift from Okawaru
 12782 | D:8      | Noticed a three-headed hydra
 12791 | D:8      | Killed a one-headed hydra
 12791 | D:8      | Received a gift from Okawaru
 12791 | D:8      | Reached skill level 5 in Axes
 12882 | D:8      | Found a staircase to the Lair.
 14427 | D:9      | Noticed a two-headed ogre
 14444 | D:9      | Killed a two-headed ogre
 14444 | D:9      | Received a gift from Okawaru
 14444 | D:9      | Reached skill level 1 in Invocations
 14597 | D:9      | Learned a level 3 spell: Regeneration
 14701 | D:9      | Reached XP level 11. HP: 85/89 MP: 10/17
 15079 | D:10     | Entered Level 10 of the Dungeon
 15098 | D:9      | Received a gift from Okawaru
 15105 | D:9      | Reached skill level 13 in Bows
 15471 | D:10     | Reached skill level 1 in Necromancy
 15718 | D:10     | Received a gift from Okawaru
 15826 | D:10     | HP: 4/91 [gargoyle/+0 mace (13)]
 15828 | D:10     | Slain by a gargoyle

Skill      XL: |  1  2  3  4  5  6  7  8  9 10 11 |
---------------+----------------------------------+-----
Bows           | 3 4 5 6 7 8 9 11 12 13 | 13.0
Hexes          | 3 4 5 6 |  6.0
Fighting       | 2 3 5 6 |  6.4
Translocations | 1 2 3 |  3.7
Spellcasting   | 2 3 4 |  4.3
Stealth        | 1 |  1.3
Dodging        | 2 3 |  3.4
Axes           | 2 3 5 6 |  6.0
Invocations    | 1 |  1.1
Necromancy     | 1 |  1.4
Maces & Flails | |  0.2
Charms         | |  0.6
Evocations     | |  0.3

Action                   |  1- 3 |  4- 6 |  7- 9 | 10-12 || total
-------------------------+-------+-------+-------+-------++-------
Melee: Club              |     1 |    17 |       |       ||    18
       Kick              |     1 |     6 |    59 |    37 ||   103
       Hand axe          |       |    10 |   135 |    12 ||   157
       War axe           |       |       |   161 |   167 ||   328
       Punch             |       |       |     1 |     1 ||     2
       Flail             |       |       |       |    10 ||    10
 Fire: Shortbow          |   112 |   184 |   569 |   249 ||  1114
 Cast: Portal Projectile |       |       |    45 |    11 ||    56
       Slow              |       |       |    24 |     7 ||    31
       Cause Fear        |       |       |     3 |       ||     3
       Regeneration      |       |       |       |     1 ||     1
Invok: Heroism           |       |       |     8 |    14 ||    22
Evoke: Wand              |       |       |     7 |       ||     7
  Use: Scroll            |       |     7 |     5 |     2 ||    14
       Potion            |       |     1 |     3 |     9 ||    13
 Stab: Paralysed         |       |       |     2 |       ||     2
  Eat: Chunk             |     1 |     5 |    25 |     9 ||    40
       Ration            |       |       |     2 |     2 ||     4
Armor: Robe              |    13 |    34 |   169 |    55 ||   271
Dodge: Dodged            |    25 |    63 |   315 |   201 ||   604
